 Dungeon Sprint DCSS version 0.31.0-9-g3a7656b989 (webtiles) character file.

Game seed: 8447528245676160281

147 Heoruswealwe the Spear-Bearer (level 5, 0/52 HPs)
             Began as a Minotaur Fighter on Feb 1, 2024.
             Was an Initiate of Gozag.
             Slain by a wyvern (10 damage)
             ... in the Dungeon (Sprint IX: "|||||||||||||||||||||||||||||").
             The game lasted 00:01:05 (117 turns).

Heoruswealwe the Spear-Bearer (Minotaur Fighter)     Turns: 117, Time: 00:01:06

Health: 0/52       AC: 14    Str: 22    XL:     5   Next: 7%
Magic:  4/4        EV:  9    Int:  5    God:    Gozag
Gold:   0          SH:  0    Dex: 10    Spells: 4/4 levels left

rFire   . . .        b - +2 halberd (protect)
rCold   . . .        (shield currently unavailable)
rNeg    . . .        c - +0 scale mail
rPois   .            (helmet restricted)
rElec   .            (no cloak)
rCorr   .            (no gloves)
SInv    .            (no boots)
Will    .....        (no amulet) Stlth
                     (no ring)
HPRegen 0.28/turn    (no ring)
MPRegen 0.09/turn

%: no teleportation
@: gold aura, under a protective aura
A: horns 2, retaliatory headbutt
a: Renounce Religion, Potion Petition, Call Merchant, Bribe Branch


You were in the Dungeon.
You worshipped Gozag.
Gozag was noncommittal.
You visited 1 branch

Inventory:

Hand Weapons
 a - a +0 trident
 b - a +2 halberd of protection (weapon)
Armour
 c - a +0 scale mail (worn)
 d - a +0 buckler
Jewellery
 l - a +3 ring of strength
 m - a +2 ring of evasion
Wands
 h - a wand of iceblast (10)
Scrolls
 j - 2 scrolls of blinking
Potions
 e - 5 potions of curing
 f - 3 potions of heal wounds
 g - a potion of haste
 i - a potion of berserk rage
 k - a potion of might


   Skills:
 + Level 7.1 Fighting
 * Level 9.0 Polearms
 + Level 7.1 Armour
 - Level 3.6 Shields


You had 4 spell levels left.
You didn't know any spells.
Your spell library was empty.

Dungeon Overview and Level Annotations

Branches:
Dungeon (1/1)

Altars:
Cheibriados
Dithmenos
Elyvilon
Fedhas
Gozag
Hepliaklqana
Kikubaaqudgha
Makhleb
Nemelex Xobeh
Okawaru
Qazlal
Ru
Sif Muna
Trog
Uskayaw
Vehumet
Wu Jian
Xom
Yredelemnul
Zin
The Shining One
Jiyva
Lugonu


Innate Abilities, Weirdness & Mutations

You have a pair of horns on your head.
You reflexively headbutt those who attack you in melee.


Message History

The orc warrior is lightly wounded.
The orc warrior hits you but does no damage.
You hit the orc warrior but do no damage.
The orc warrior is lightly wounded.
The orc warrior closely misses you.
You hit the orc warrior.
The orc warrior is moderately wounded.
The orc warrior hits you with a +0 glaive!
* * * LOW HITPOINT WARNING * * *
The orc warrior hits you with a +0 glaive.
* * * LOW HITPOINT WARNING * * *
You hit the orc warrior but do no damage.
You headbutt the orc warrior.
The orc warrior is moderately wounded.
The orc warrior completely misses you. You furiously retaliate!
You headbutt the orc warrior! You puncture the orc warrior!
You kill the orc warrior!
The wraith is distracted by your dazzling golden aura.
Your Fighting skill gained 2 levels and is now at level 7!
Your Polearms skill gained 3 levels and is now at level 9!
Your Armour skill gained 2 levels and is now at level 7!
You have reached level 4!
You feel agile.
You have reached level 5!
You completely miss the howler monkey. Your headbutt misses the howler monkey.
The howler monkey hits you but does no damage. x2
You hit the howler monkey.
The howler monkey is moderately wounded.
The howler monkey closely misses you.
You barely miss the howler monkey. You headbutt the howler monkey!
The howler monkey is almost dead.
The wraith is no longer distracted by gold.
The howler monkey hits you.
* * * LOW HITPOINT WARNING * * *
You impale the howler monkey!!
You kill the howler monkey!
The wyvern bites you!
You die...
Your body crumbles into a pile of gold. ▓▓▓▓▓▓▓▓▓▓▓▓▓▓▓▓▓▓▓▓▓▓▓▓ +.WTT.k@..[[[.)?!'______ ▓▓▓▓▓▓▓▓▓▓▓▓▓▓▓▓▓▓▓▓▓▓▓▓

You could see 2 trolls, a wraith and a wyvern.

Vanquished Creatures
  An orc warrior (D)
  A howler monkey (D)
  An iguana (D)
  An adder (D)
  3 orcs (D)
  2 endoplasms (D)
  2 kobolds (D)
  A bat (D)
12 creatures vanquished.

Notes
Turn   | Place    | Note
-------+----------+-------------------------------------------
     0 | D        | Heoruswealwe the Minotaur Fighter began the quest for the
                  | Orb.
     0 | D        | Reached XP level 1. HP: 19/19 MP: 0/0
     5 | D        | Reached skill level 3 in Polearms
    29 | D        | Noticed an iguana
    33 | D        | Reached skill level 4 in Polearms
    33 | D        | Reached XP level 2. HP: 22/28 MP: 1/1
    42 | D        | Reached skill level 5 in Polearms
    46 | D        | Reached skill level 5 in Fighting
    46 | D        | Reached skill level 6 in Polearms
    46 | D        | Reached skill level 5 in Armour
    46 | D        | Reached XP level 3. HP: 21/36 MP: 2/2
    53 | D        | Found a snail-covered altar of Cheibriados.
    53 | D        | Found a shadowy altar of Dithmenos.
    53 | D        | Found a white marble altar of Elyvilon.
    53 | D        | Found a blossoming altar of Fedhas.
    53 | D        | Found an opulent altar of Gozag.
    54 | D        | Found a hazy altar of Hepliaklqana.
    55 | D        | Found a viscous altar of Jiyva.
    56 | D        | Found an ancient bone altar of Kikubaaqudgha.
    57 | D        | Found a corrupted altar of Lugonu.
    58 | D        | Found a burning altar of Makhleb.
    59 | D        | Found a sparkling altar of Nemelex Xobeh.
    60 | D        | Found an iron altar of Okawaru.
    61 | D        | Became a worshipper of Gozag Ym Sagoz the Greedy
    62 | D        | Found a stormy altar of Qazlal.
    63 | D        | Found a sacrificial altar of Ru.
    64 | D        | Found a shimmering blue altar of Sif Muna.
    65 | D        | Found a bloodstained altar of Trog.
    66 | D        | Found a hide-covered altar of Uskayaw.
    67 | D        | Found a radiant altar of Vehumet.
    68 | D        | Found an ornate altar of the Wu Jian Council.
    69 | D        | Found a shimmering altar of Xom.
    70 | D        | Found a basalt altar of Yredelemnul.
    71 | D        | Found a glowing silver altar of Zin.
    72 | D        | Found a glowing golden altar of the Shining One.
   104 | D        | Noticed a wraith
   104 | D        | Noticed a troll
   104 | D        | Noticed a troll
   104 | D        | Noticed a wyvern
   104 | D        | Noticed an orc warrior
   113 | D        | Killed an orc warrior
   114 | D        | Reached skill level 9 in Polearms
   114 | D        | Reached XP level 4. HP: 10/47 MP: 3/3
   114 | D        | Reached XP level 5. HP: 11/52 MP: 4/4
   117 | D        | Slain by a wyvern

Illustrated notes

Levels and vault maps discovered:
D:        linesprint [early_d, line_temple, items_1, d_10, items_2, lair_1,
          lair_end, items_3, orc_1, orc_end, items_4, d_15, swamp_1, shoals_1,
          snake_1, spider_1, d_20, vaults_1, items_5, swamp_end, shoals_end,
          snake_end, spider_end, vaults_end, d_27, items_6, zot_1, zot_end,
          crypt_end, forest_end, elf_end, slime_end, tomb_end, abyss_end,
          pan_hell_end]

Skill      XL: |  1  2  3 |
---------------+----------+-----
Polearms       | 4 6 9 |  9.0
Fighting       | 4 5 7 |  7.1
Armour         | 4 5 7 |  7.1
Shields        | |  3.6

Action                     |  1- 3 |  4- 6 || total
---------------------------+-------+-------++-------
  Melee: Trident           |    27 |       ||    27
         Headbutt          |     6 |     1 ||     7
         Halberd           |     8 |     4 ||    12
 Armour: Scale mail        |    22 |     4 ||    26
  Dodge: Dodged            |    12 |     1 ||    13
  Block: Buckler           |     3 |       ||     3
